 Dungeon Crawl Stone Soup version 0.24-a0-291-g79c1ce7 (webtiles) character file.

Game seed: 5475569779963033255

151 galech the Shield-Bearer (level 5, -6/42 HPs)
             Began as a Demonspawn Fighter on May 9, 2019.
             Mangled by a phantom (7 damage)
             ... on level 4 of the Dungeon.
             The game lasted 00:02:57 (2786 turns).

galech the Shield-Bearer (Demonspawn Fighter)       Turns: 2786, Time: 00:02:58

Health: -6/42      AC:  8    Str: 21    XL:     5   Next: 10%
Magic:  5/5        EV:  7    Int:  9    God:
Gold:   112        SH:  9    Dex: 14    Spells: 4/4 levels left

rFire    . . .     SeeInvis .   a - +0 war axe
rCold    . . .     Gourm    .   c - +0 shield
rNeg     . . .     Faith    .   b - +0 scale mail
rPois    .         Spirit   .   (no helmet)
rElec    .         Reflect  .   (no cloak)
rCorr    .         Harm     .   l - +0 pair of gloves
MR       .....                  (no boots)
Stlth    ..........             (no amulet)
HPRegen  0.14/turn              (no ring)
MPRegen  0.09/turn              (no ring)

@: mighty
A: claws 2
a: no special abilities


You were on level 4 of the Dungeon.
You were not hungry.

You visited 1 branch of the dungeon, and saw 4 of its levels.

You collected 112 gold pieces.

Inventory:

Hand Weapons
 a - a +0 war axe (weapon)
Armour
 b - a +0 scale mail (worn)
 c - a +0 shield (worn)
 l - a +0 pair of gloves (worn)
Scrolls
 e - a scroll of enchant armour {unknown}
 g - 5 scrolls of identify {unknown}
 h - 3 scrolls of teleportation {unknown}
 i - 2 scrolls of remove curse {unknown}
Potions
 j - 2 potions of curing {unknown}
 m - a potion of brilliance
 n - a potion of heal wounds {unknown}
 o - a potion of ambrosia {unknown}
 p - a potion of flight {unknown}
Comestibles
 f - 4 rations
 k - a chunk of flesh


   Skills:
 + Level 3.6 Fighting
 + Level 2.8 Axes
 + Level 3.3 Armour
 + Level 0.2 Dodging
 + Level 3.7 Shields


You had 4 spell levels left.
You didn't know any spells.
Your spell library was empty.

Dungeon Overview and Level Annotations

Branches:
Dungeon (3/15)

Altars:
Cheibriados
Hepliaklqana
Nemelex Xobeh
Vehumet
Xom


Innate Abilities, Weirdness & Mutations

You have very sharp fingernails.


Message History

The orc wizard casts a spell.
The orc wizard blinks!
The phantom hits you.
* * * LOW HITPOINT WARNING * * *
The orc closely misses you. The orc hits you with a +0 club.
* * * LOW HITPOINT WARNING * * *
You barely miss the orc. You closely miss the phantom.
You closely miss the orc. You hit the orc.
You kill the orc!
The orc hits you with a +0 hand axe.
* * * LOW HITPOINT WARNING * * *
You block the phantom's attack. The orc hits you but does no damage.
The orc wizard gestures wildly while chanting.
The orc wizard blinks!
You barely miss the orc. You slash the phantom! You slash the orc!
You kill the orc!
The phantom barely misses you. The orc barely misses you.
The orc wizard hits you with a +0 dagger.
* * * LOW HITPOINT WARNING * * *
The phantom hits you!
You die...

##.### #.# #....##.# ..#
........# ##..##
...##).## #....####
...###.### ##........
...##....### #.......#
...##......####.....###.
...#..###.......)W.....>
.......#####...o@..ยง....
...........#....)o......
...#....................
...#....................
.. ...................
..####............. #
##............
.............
............


You could see a phantom, an orc wizard and an orc.

Vanquished Creatures
  A gnoll (D:1)
  7 adders
  An ooze (D:3)
  2 dart slugs (D:1)
  3 leopard geckos
  4 orcs
  8 bats
  4 goblins
  10 hobgoblins
  8 jackals
  A quokka (D:3)
  3 frilled lizards
  6 kobolds
  3 rats
61 creatures vanquished.

Notes
Turn   | Place    | Note
-------+----------+-------------------------------------------
     0 | D:1      | galech the Demonspawn Fighter began the quest for the Orb.
     0 | D:1      | Reached XP level 1. HP: 18/18 MP: 1/1
   130 | D:1      | Gained mutation: You have sharp fingernails. [demonic
                  | ancestry]
   130 | D:1      | Reached XP level 2. HP: 20/24 MP: 2/2
   416 | D:1      | Reached XP level 3. HP: 29/29 MP: 3/3
  1026 | D:2      | Found a snail-covered altar of Cheibriados.
  1093 | D:2      | Noticed a phantom
  1720 | D:2      | Gained mutation: You have very sharp fingernails. [demonic
                  | ancestry]
  1720 | D:2      | Reached XP level 4. HP: 24/36 MP: 4/4
  1743 | D:2      | Found a sparkling altar of Nemelex Xobeh.
  2421 | D:3      | Found a faded altar of an unknown god.
  2585 | D:3      | Found a hazy altar of Hepliaklqana.
  2648 | D:3      | Found a shimmering altar of Xom.
  2717 | D:3      | Reached XP level 5. HP: 41/42 MP: 5/5
  2720 | D:3      | Found a radiant altar of Vehumet.
  2722 | D:3      | You fall through a shaft!
  2762 | D:4      | Noticed a phantom
  2785 | D:4      | HP: 2/42 [orc/+0 hand axe (3)]
  2786 | D:4      | Mangled by a phantom

Levels and vault maps discovered:
D:1:      lightli_molten_gateway, layout_loops_ring
D:2:      layout_basic, old_standard_altar, nemelex_xobeh_ov_fountains_minmay,
          minmay_tromino_i4
D:3:      layout_basic, marbit_many_paths, lemuel_doored_altar,
          nicolae_overflow_crystal_walls, chequers_ecumenical_altar_island,
          first_ration
D:4:      layout_layer_cave, minitemple, enter_ossuary_1,
          uniq_crazy_yiuf_cottage, uniq_blork_the_orc, uniq_menkaure,
          uniq_eustachio

Skill      XL: |  1  2 |
---------------+-------+-----
Shields        | 3 |  3.7
Armour         | 3 |  3.3
Axes           | 2 |  2.8
Fighting       | |  3.6
Dodging        | |  0.2

Action                   |  1- 3 |  4- 6 || total
-------------------------+-------+-------++-------
Melee: War axe           |   115 |   117 ||   232
  Use: Potion            |     2 |     1 ||     3
  Eat: Chunk             |     1 |     5 ||     6
Armor: Scale mail        |    67 |    74 ||   141
Dodge: Dodged            |    30 |    58 ||    88
Block: Shield            |    59 |    76 ||   135

Table legend:
 A = Non-vault XP
 B = Vault XP
 C = Vault XP percentage of total XP
 D = Non-vault monster count
 E = Vault monster count
 F = Vault count percentage of total count
                 A         B        C        D         E       F
            +---------+---------+-------+---------+---------+-------
      Total |     182 |      34 |  15.7 |      56 |       5 |   8.2
            +---------+---------+-------+---------+---------+-------
        D:1 |      58 |       0 |   0.0 |      23 |       0 |   0.0
        D:2 |      74 |      20 |  21.3 |      16 |       4 |  20.0
        D:3 |      30 |      14 |  31.8 |      14 |       1 |   6.7
        D:4 |      20 |       0 |   0.0 |       3 |       0 |   0.0
            +---------+---------+-------+---------+---------+-------
